[Event "Austrian Championship 2022"]
[Site "Vienna"]
[Date "2022.08.19"]
[Round "9.16"]
[White "Belke, Frank"]
[Black "Teuschler, Barbara"]
[Result "1-0"]
[ECO "E12"]
[WhiteElo "2226"]
[BlackElo "2097"]
[Annotator "TA"]
[PlyCount "157"]
[EventDate "2022.08.12"]
[EventType "swiss"]
[EventCountry "AUT"]
[SourceTitle "playchess.com"]
[Source "ChessBase"]
[SourceQuality "1"]
[TimeControl "40/5400+30:1800+30"]

1. d4 Nf6 2. c4 b6 3. Nc3 Bb7 4. Qc2 d5 5. Nf3 e6 6. Bg5 Be7 7. e3 O-O 8. a3 Nbd7 9. cxd5 exd5 10. Bd3 h6 {[%emt 0:01:50] E12: Queen's Indian: Unusual White 4th moves, 4 a3, 4 Nc3 Bb7 5 a3 and 4 Nc3 Bb7 .} 11. Bh4 c5 12. O-O Re8 {[%emt 0:05:14] The position is equal.} 13. Rfd1 {[%emt 0:04:58] [#]} Nh5 $146 ({Predecessor:} 13... Ne4 14. Nxe4 dxe4 15. Bxe4 Qc8 16. Bxb7 Qxb7 17. Bxe7 Rxe7 18. dxc5 Nxc5 19. Rac1 Rc7 {½-½ (27) Muralidharan,M (1399)-Saketh,B (1564) Madurai 2019}) 14. Bxe7 Rxe7 15. Bb5 c4 16. Qf5 (16. Bxd7 $5 Qxd7 17. Ne5 $11) 16... Nhf6 17. Ne5 {[%emt 0:01:10] Hoping for Nxd7.} Nb8 18. Ba4 a6 19. Bc2 Qc7 20. Qh3 Nbd7 21. f4 Nf8 22. Qf3 Rd8 23. h3 b5 24. Kh2 N8d7 25. Rg1 Nf8 26. g3 (26. Qg3 {is more complex.} Ne8 27. Rae1 Nf6 28. Ra1) 26... Ne4 27. Bxe4 dxe4 28. Qe2 (28. Nxe4 $2 f5 29. Qe2 Bxe4 $19) 28... f6 29. Ng4 Nd7 30. Nf2 Nb6 31. Rac1 Qd7 32. Qh5 Qd6 33. Qg6 Qe6 34. Qh5 Rc8 35. g4 Rf8 36. Rg3 Rd7 37. Qc5 Rc8 (37... Nd5 $11 38. f5 (38. Nfxe4 f5 $11) 38... Qe8) 38. Qb4 (38. f5 $16 Qc6 39. Qxc6 (39. Nfxe4 Qxc5 40. Nxc5 Rxc5 $16) (39. Ncxe4 Na4 $11) 39... Rxc6 40. Nfxe4) 38... Nd5 $11 39. Nxd5 Rxd5 40. Nd1 Rdd8 41. Nc3 Qd6 42. h4 Bc6 (42... Qc7 $14 {was preferrable.}) 43. g5 hxg5 44. hxg5 (44. fxg5 $14 f5 45. Rf1) 44... f5 45. Rh3 Ra8 (45... Qxb4 $11 46. axb4 Kf7) 46. Qa5 $1 $14 Be8 (46... Rdb8 $14) 47. Kg3 $1 $16 Rab8 48. Rch1 {[%emt 0:00:00] Strongly threatening Rh8+.} Qb6 49. Qb4 {[%emt 0:00:00] White threatens Qe7 and mate.} Qd6 {[%emt 0:00:33] Prevents Qe7.} 50. Rh8+ $40 {[%emt 0:00:00][%mdl 128] White mounts an attack. Dancing on a razor blade.} (50. g6 $1 $16 Qxg6+ 51. Kf2) 50... Kf7 $11 51. R8h7 Qxb4 52. axb4 a5 53. bxa5 Ra8 54. R1h6 {[%emt 0:00:00] Rb6 is the strong threat.} Rxa5 $2 (54... b4 $1 $11 55. Na2 c3) 55. Rb6 $18 Kg8 56. Rh1 Rda8 {[%emt 0:00:16] [#]} 57. Nd5 $1 {[%emt 0:00:00] Threatens to win with Ne7+.} R5a7 {[%emt 0:04:48] Against Ne7+} 58. g6 {[%emt 0:00:00] aiming for Re6.} Rd8 59. Nc3 {[%emt 0:00:00] White is more active.} Ra5 {[%emt 0:00:08] [#]} ({Better is} 59... Rda8) 60. Rh5 $1 $16 Ra1 $2 (60... b4 $16 {was necessary.}) 61. Rxf5 $18 Rg1+ 62. Kf2 Rxg6 63. Rxg6 Bxg6 64. Rxb5 {[%emt 0:00:00][%mdl 4096] Endgame KRB-KRN} Kf7 65. f5 Bh7 (65... Bh5 $142 66. Nxe4 Rd7) 66. Nxe4 Ke7 67. Rb7+ Kf8 68. Ng5 Kg8 69. Ne6 (69. e4 $142 Bxf5 70. exf5) 69... Rc8 70. e4 Kh8 71. Rxg7 (71. d5 $142 c3 72. bxc3 Rxc3 73. d6) 71... Rb8 72. Rc7 Rxb2+ 73. Ke3 Rb3+ 74. Kf4 c3 75. f6 c2 76. Rxc2 Rb6 77. Rc8+ Bg8 78. f7 Rxe6 79. fxg8=Q# {[%emt 0:01:00] Weighted Error Value: White=0.12 (very precise) /Black=0.27 (precise)} 1-0

[Event "Austrian Championship 2022"]
[Site "Vienna"]
[Date "2022.08.19"]
[Round "9.17"]
[White "Miazhynski, Michael"]
[Black "Bauer, Thomas"]
[Result "1-0"]
[ECO "B22"]
[WhiteElo "1994"]
[BlackElo "2228"]
[Annotator "TA"]
[PlyCount "81"]
[EventDate "2022.08.12"]
[EventType "swiss"]
[EventCountry "AUT"]
[SourceTitle "playchess.com"]
[Source "ChessBase"]
[SourceQuality "1"]
[TimeControl "40/5400+30:1800+30"]

1. e4 c5 2. Nf3 e6 3. c3 Nf6 4. e5 Nd5 5. d4 cxd4 6. cxd4 d6 7. a3 Be7 8. Bd3 {[%emt 0:00:20] B22: Sicilian: 2 c3.} b6 9. O-O O-O 10. Re1 {[%emt 0:00:41] White has an edge.} (10. Qc2 $5 ) 10... Ba6 11. Be4 Nd7 {[%emt 0:07:43] [#]} 12. Bxd5 $146 ({Predecessor:} 12. exd6 Bxd6 13. Qb3 N7f6 14. Bg5 Be7 15. Bc2 Rc8 16. Ne5 h6 17. Bd2 Qc7 18. Rc1 {0-1 (86) Kharashkina,B (2137)-Trofimova,O (2261) Protvino 2001}) 12... exd5 13. Nc3 Bb7 14. Qb3 dxe5 15. Nxd5 e4 {[%emt 0:05:27] And now ...Bxd5 would win.} 16. Nxe7+ Qxe7 17. Ng5 Rad8 (17... h6 18. Nxe4 $1 Bxe4 19. f3 $11) 18. f3 Nf6 19. Bd2 Qd7 {[%emt 0:05:24] ...h6 is the strong threat.} (19... Rxd4 $6 20. Bb4 Qe5 21. Nxe4 Rxe4 22. fxe4 $11) 20. Bb4 Qb5 21. Qe3 exf3 22. Nxf3 ({Not} 22. Bxf8 $2 Ng4 23. Qf4 (23. a4 $2 Qxb2 24. Qxf3 Qxd4+ 25. Kh1 Bxf3 $19) 23... f2+ 24. Kh1 fxe1=Q+ 25. Rxe1 Rxf8 $19) 22... Rfe8 23. Qf4 h6 24. Re5 Qd3 25. Rae1 Rxe5 26. dxe5 Nd5 27. Qe4 Nxb4 28. Qxb7 Nc2 29. Rf1 Ne3 ({Black should play} 29... Nd4 $15 30. Nxd4 Qxd4+ 31. Rf2 Qd1+ 32. Rf1 Qd7) 30. Re1 $11 Nc2 (30... Rd7 $11 31. Qc6 Qd5 32. Qxd5 Nxd5) 31. Rf1 $1 $15 Qe3+ (31... Nd4 $15 32. Nxd4 Qxd4+ 33. Rf2 Qd1+ 34. Rf1 Qd4+ 35. Rf2 Qd1+ 36. Rf1 Qd7) 32. Kh1 $11 Qe2 33. Rg1 g6 (33... Ne3 $11) 34. e6 (34. Qxa7 $14 Rd1 35. Qb8+ Kg7 36. Rxd1 (36. Qxb6 Ne3 $15) 36... Qxd1+ 37. Ng1) 34... Qxe6 35. Qc7 Rc8 36. Qxa7 Qe3 37. Qd7 $40 {[%emt 0:00:45][%mdl 128] White attacks.} Re8 38. Rd1 {[%emt 0:00:42] [#]} Re6 $2 (38... Ne1 $1 $11 {and Black stays safe.} 39. Ng1 Kg7) 39. Qc8+ $18 {[%emt 0:00:08] White is clearly winning.} Kh7 40. Qxc2 Rf6 41. Rf1 {[%emt 0:31:16] Weighted Error Value: White=0.15 (very precise) /Black=0.35} 1-0

[Event "Austrian Championship 2022"]
[Site "Vienna"]
[Date "2022.08.19"]
[Round "9.18"]
[White "Miazhynski, Yuri"]
[Black "Hoegl, Emanuel"]
[Result "1/2-1/2"]
[ECO "B13"]
[WhiteElo "2166"]
[BlackElo "2094"]
[Annotator "TA"]
[PlyCount "100"]
[EventDate "2022.08.12"]
[EventType "swiss"]
[EventCountry "AUT"]
[SourceTitle "playchess.com"]
[Source "ChessBase"]
[SourceQuality "1"]
[TimeControl "40/5400+30:1800+30"]

1. e4 c6 2. d4 d5 3. exd5 cxd5 4. c4 Nf6 5. Nc3 Nc6 6. Nf3 Bg4 7. Bg5 {[%emt 0:00:17] Strongly threatening Bxf6. B13: Caro-Kann: Exchange Variation and Panov-Botvinnik Attack.} Ne4 8. cxd5 (8. Be3 {seems wilder.} e5 9. cxd5 Nxc3 10. bxc3 Qxd5 11. Be2) 8... Nxc3 {[%emt 0:09:26][%mdl 64] [#] Remove Defender} 9. bxc3 {[%emt 0:03:20] The position is equal.} Qxd5 10. Qb3 Qxb3 11. axb3 Bxf3 12. gxf3 e6 {[%emt 0:00:25] [#]} 13. Rg1 $146 ({Predecessor:} 13. Bb5 Kd7 14. O-O a6 15. d5 exd5 16. Rfd1 Bd6 17. Rxd5 axb5 18. Rad1 Kc8 19. Rxd6 f6 20. Bf4 Rd8 21. Rxd8+ Nxd8 22. Rd5 Ne6 23. Bg3 Ra1+ 24. Kg2 Rc1 {½-½ (24) Kraus,T (2466)-Neuman,P (2394) Prague 2021}) 13... Bd6 14. h3 g6 15. Bb5 O-O 16. Bxc6 bxc6 17. Ra6 Rfb8 18. b4 Rb6 19. Ra5 Rb5 20. Rxb5 cxb5 $11 {[%emt 0:00:05][%mdl 4096] Endgame KRB-KRB} 21. Ke2 a5 (21... Rc8 $5 ) 22. bxa5 Rxa5 23. Rb1 {[%emt 0:00:27] [#]} (23. Bd2 $11 {keeps the balance.}) 23... b4 $1 $17 24. Bd2 bxc3 25. Bxc3 Rd5 26. Ra1 Be7 27. Ra8+ Kg7 28. Ra5 Rxa5 29. Bxa5 {[%emt 0:00:02] KB-KB} Kf6 30. Bb6 Kf5 31. Ba7 Kg5 {[%emt 0:01:17] ...Kh4 is the strong threat.} 32. Kf1 Bd8 33. Bc5 Bc7 34. Ba7 Kf6 35. Bc5 Kg5 36. Ba7 $1 h5 37. Bc5 Kh4 38. Kg2 Kg5 39. Kf1 $1 Bb8 40. Bb6 Kf6 41. Bd8+ Kg7 42. Bb6 {[%emt 0:00:00] Against Ba7} Kf8 43. Ke2 Ke7 44. Ke3 Kd6 45. Ke4 {[%emt 0:00:00] Black is slightly better.} Kc6 46. Bd8 f5+ 47. Kd3 Kd5 48. Bf6 Bc7 49. Be7 Bh2 50. Bf6 Bc7 {[%emt 0:02:18] Weighted Error Value: White=0.09 (flawless) /Black=0.10 (very precise)} (50... Bb8 $15) 1/2-1/2

[Event "Austrian Championship 2022"]
[Site "Vienna"]
[Date "2022.08.19"]
[Round "9.19"]
[White "Pilshofer, Paul"]
[Black "Froewis, Annika"]
[Result "1-0"]
[ECO "E05"]
[WhiteElo "2223"]
[BlackElo "2044"]
[Annotator "TA"]
[PlyCount "67"]
[EventDate "2022.08.12"]
[EventType "swiss"]
[EventCountry "AUT"]
[SourceTitle "playchess.com"]
[Source "ChessBase"]
[SourceQuality "1"]
[TimeControl "40/5400+30:1800+30"]

1. d4 d5 2. Nf3 Nf6 3. g3 e6 4. c4 Be7 5. Bg2 O-O 6. O-O dxc4 7. Nc3 Nc6 8. e4 a6 9. Qe2 {[%emt 0:01:17] E05: Open Catalan: 5 Nf3 Be7.} b5 10. Rd1 Nb4 {[%emt 0:07:02] Prevents d5.} 11. Ne1 {[%emt 0:04:46] Black is slightly better.} Bb7 12. Bf4 {[%emt 0:01:25] [#]} Qc8 $146 ({Predecessor:} 12... Re8 13. b3 cxb3 14. axb3 Qd7 15. Rac1 Red8 16. g4 g6 17. Bf3 Rac8 18. g5 Ne8 {½-½ (37) Dimitrov,D (2367)-Dimitrov,D (2290) ICCF email 2010}) 13. a3 (13. Bh3 $11 {might be stronger.}) 13... Nc6 $15 14. e5 Nd7 15. d5 Na5 16. a4 (16. Qg4 $11 {feels stronger.}) 16... c6 (16... b4 $1 $15 17. dxe6 fxe6 18. Bxb7 Nxb7) 17. dxe6 $14 fxe6 18. axb5 axb5 19. Ne4 $36 {[%emt 0:03:10][%mdl 2048] White is pushing.} Nc5 20. Nd6 {[%emt 0:09:53][%mdl 1024] White has strong compensation. White is more active.} Qc7 21. Qg4 {[%emt 0:06:27][%cal Oa1a5] And now Rxa5! would win.} Kh8 (21... Nab3 $142 22. Rxa8 Bxa8) 22. Qh5 (22. Be3 $16 Nab3 23. Rxa8 Bxa8 24. Nf3) 22... g6 ({Better is} 22... Nab3 $14 23. Rxa8 Bxa8) 23. Qh3 $16 Bxd6 $4 {[%emt 0:08:23][%mdl 8192] [#] This move loses the game for Black.} (23... Rad8 $16 {keeps fighting.}) 24. exd6 $18 Qd7 25. Nf3 Kg8 26. Ne5 {[%emt 0:00:18] Inhibits Nd3.} Qg7 27. Ng4 (27. Qg4 $142) 27... Nd7 $2 (27... h5) 28. Bd2 {[%emt 0:00:49] A strong pair of Bishops.} Nb3 (28... h5 $142 29. Nh6+ (29. Rxa5 hxg4 30. Qxg4 Qf6 $18) 29... Kh7 30. Rxa5 Rxa5) 29. Rxa8 Bxa8 30. Bc3 e5 {[%emt 0:00:10] [#]} 31. Nxe5 $1 {[%emt 0:00:23][%mdl 576] Decoy} Nxe5 32. Qe6+ Qf7 33. Qxe5 Qd7 34. Bh3 {[%emt 0:00:17] Weighted Error Value: White=0.20 (precise) /Black=0.83} 1-0

[Event "Austrian Championship 2022"]
[Site "Vienna"]
[Date "2022.08.19"]
[Round "9.20"]
[White "Mayrhuber, Nikola"]
[Black "Marakovits, Nico"]
[Result "0-1"]
[ECO "E51"]
[WhiteElo "2141"]
[BlackElo "2259"]
[Annotator "TA"]
[PlyCount "80"]
[EventDate "2022.08.12"]
[EventType "swiss"]
[EventCountry "AUT"]
[SourceTitle "playchess.com"]
[Source "ChessBase"]
[SourceQuality "1"]
[TimeControl "40/5400+30:1800+30"]

1. d4 Nf6 2. c4 e6 3. Nc3 Bb4 4. Bd2 O-O 5. Nf3 d5 6. e3 b6 7. cxd5 exd5 8. Rc1 {[%emt 0:00:03] E51: Nimzo-Indian: Rubinstein: 4...0-0 5 Nf3 d5.} c5 9. Be2 c4 10. O-O {[%emt 0:02:28] [#] The position is equal.} Bxc3 $146 ({Predecessor:} 10... a6 11. a4 Nc6 12. b3 Bxc3 13. Bxc3 b5 14. Ne5 Qd6 15. Bf3 Bf5 16. bxc4 bxc4 {½-½ (65) Aditya,M (2459)-Sethuraman,S (2620) Castelldefels 2021}) 11. Bxc3 b5 12. a4 a6 13. Ne5 Bb7 14. f4 Ne4 15. Bb4 Re8 16. Bf3 Nc6 17. Bxe4 dxe4 18. Nxc6 Bxc6 19. f5 f6 20. Rf4 Qd5 21. Qh5 {[%emt 0:05:24] [#] Strongly threatening Rh4.} Qf7 22. Qh3 a5 23. axb5 axb4 24. bxc6 Rac8 25. Rh4 {[%emt 0:01:29] White is now going downhill.} (25. Qh4 $11 {remains equal.}) 25... h6 $17 {[%emt 0:00:24] White must now prevent ...c3.} 26. Qg3 (26. Rg4 $17 {was necessary.}) 26... Rxc6 27. Rxh6 (27. d5 $142 Qxd5 28. Rxh6) 27... c3 $19 28. bxc3 (28. h4 b3 29. bxc3) 28... Rxc3 29. Rf1 b3 30. Rb1 Rec8 {[%emt 0:05:54] [#] ( -> ...Rc1+)} 31. Rh4 Rc1+ 32. Rxc1 Rxc1+ {[%emt 0:00:07] KQR-KQR} 33. Kf2 Rc2+ 34. Kg1 Qa7 {[%emt 0:02:14] Active counter play!} 35. h3 Rc1+ (35... b2 $142 36. Rxe4 b1=Q+ 37. Kh2 g5 38. Re8+ Kf7 39. Qg4 Kxe8 40. Qh5+ Qf7 41. Qh8+ Kd7 42. Qa8 Qfa2 43. Kg3 Qxa8 44. d5 Qe1+ 45. Kh2 Qb8+ 46. d6 Qxd6#) 36. Kh2 Qc7 (36... b2 $142 37. Qd6 Qc7 38. Qxc7 Rxc7 39. Rxe4 b1=Q) 37. Rf4 b2 {[%emt 0:00:47] Black mates.} 38. Qg6 Qf7 ({Not} 38... b1=Q 39. Qe8+ Kh7 40. Qh5+ Kg8 41. Qe8+ Kh7 42. Qh5+ Kg8 43. Qe8+ $11) 39. Rxe4 Qxg6 40. fxg6 Rc8 {[%emt 0:00:05] Weighted Error Value: White=0.99/Black=0.36} (40... Kf8 $142 41. Rh4 b1=Q 42. Rf4 Rg1 43. Kg3 Qxg6+ 44. Rg4 Qc2 45. Kh4 Rxg2 46. e4 Qd2 47. Rg3 Qh6+ 48. Kg4 Qg5+ 49. Kf3 Qxg3#) 0-1

[Event "Austrian Championship 2022"]
[Site "Vienna"]
[Date "2022.08.19"]
[Round "9.22"]
[White "Sucher, Johannes"]
[Black "Wagner, Leopold Franziskus"]
[Result "0-1"]
[ECO "A45"]
[WhiteElo "2164"]
[BlackElo "2080"]
[Annotator "TA"]
[PlyCount "66"]
[EventDate "2022.08.12"]
[EventType "swiss"]
[EventCountry "AUT"]
[SourceTitle "playchess.com"]
[Source "ChessBase"]
[SourceQuality "1"]
[TimeControl "40/5400+30:1800+30"]

1. d4 Nf6 2. Bg5 Ne4 3. h4 h6 4. Bf4 d5 5. Nd2 Bf5 6. e3 {[%emt 0:04:56] A45: Trompowsky Attack.} Nxd2 {[%emt 0:02:57] was the old line (6...e6).} 7. Qxd2 e6 8. Nf3 {[%emt 0:01:43] The position is equal.} Bd6 9. Bxd6 Qxd6 {[%emt 0:00:59] [#]} 10. Bd3 $146 ({Predecessor:} 10. O-O-O Nd7 11. Bd3 Bxd3 12. Qxd3 O-O-O 13. g3 Kb8 14. Kb1 Rc8 15. e4 Rhd8 16. e5 {0-1 (29) Gulde,J (1862)-King,A (1887) Bayern 2009}) 10... Bxd3 11. cxd3 Nd7 12. Qc3 c6 13. b4 O-O 14. O-O f6 15. a4 g5 16. Rfc1 g4 17. Nd2 g3 18. f4 e5 19. f5 Rae8 20. b5 exd4 21. Qxd4 c5 22. Qg4+ Kf7 (22... Kh8 $5 ) 23. e4 (23. Qh5+ $11 Ke7 24. d4 (24. Qxh6 Rh8 $11)) 23... Rg8 {[%emt 0:03:26] Chess con chili.} (23... Ne5 $5 24. Qh5+ (24. Qxg3 $2 Rg8 $19) 24... Ke7 $11) 24. Qh5+ Ke7 {[%emt 0:00:05] Threatens to win with ...dxe4.} 25. exd5 ({Of course not} 25. Qxh6 Rh8 26. Qe3 (26. Qg7+ $2 Kd8 $19) 26... Rxh4 $17) 25... Kd8 {[%emt 0:01:16] aiming for ...Qf4.} 26. Qf7 $2 (26. Qf3 $11 Ne5 27. Qe3) 26... Qf4 $19 {[%emt 0:02:50] ( -> ...Qd4+)} 27. Nf3 {[%emt 0:04:18] [#] Inhibits Qd4+.} Rgf8 $1 28. Qg7 Re7 29. Qg6 Ne5 {[%emt 0:00:40][%mdl 64] Deflection} 30. Nxe5 Qd4+ {[%emt 0:00:06] Black mates.} 31. Kh1 Qxh4+ 32. Kg1 Qh2+ 33. Kf1 Rxe5 {[%emt 0:00:05] Weighted Error Value: White=0.87/Black=0.12 (very precise)} 0-1

[Event "Austrian Championship 2022"]
[Site "Vienna"]
[Date "2022.08.19"]
[Round "9.23"]
[White "Spiesberger, Gerhard"]
[Black "Jethan, Martin"]
[Result "1-0"]
[ECO "D01"]
[WhiteElo "1972"]
[BlackElo "2103"]
[Annotator "TA"]
[PlyCount "65"]
[EventDate "2022.08.12"]
[EventType "swiss"]
[EventCountry "AUT"]
[SourceTitle "playchess.com"]
[Source "ChessBase"]
[SourceQuality "1"]
[TimeControl "40/5400+30:1800+30"]

1. d4 Nf6 2. Nc3 d5 3. Bg5 c5 4. Bxf6 gxf6 5. e4 dxe4 6. dxc5 {[%emt 0:01:07] D01: Veresov Opening.} f5 7. Bc4 ({White should play} 7. Qxd8+ $11 Kxd8 8. g4) 7... e6 $15 {[%emt 0:01:17] [#]} 8. Bb5+ $146 {[%emt 0:03:58] [#]} (8. Qxd8+ $15 Kxd8 9. O-O-O+ Nd7 10. g4) ({Predecessor:} 8. Qxd8+ Kxd8 9. Rd1+ Ke7 10. g4 fxg4 11. h3 Bg7 12. Nge2 Nd7 13. hxg4 Nxc5 14. Rh5 {0-1 (53) Ambrogi,A (2307)-Flores,D (2602) Buenos Aires 2011}) 8... Bd7 $1 $19 9. Qd4 (9. g4 $17) 9... Rg8 10. O-O-O Nc6 11. Qc4 Qc7 {[%emt 0:05:17] Strongly threatening ...a6.} 12. g3 O-O-O (12... a6 $19 13. Ba4 Ne5 14. Bxd7+ Nxd7) 13. Nge2 (13. f4 $17 {keeps fighting.}) 13... Ne5 $1 14. Bxd7+ Rxd7 15. Qa4 Bxc5 16. Nb5 Rxd1+ 17. Rxd1 Qb6 18. b4 Be7 {[%emt 0:01:20] aiming for ...a6.} 19. Nxa7+ Kb8 20. Nb5 Rc8 (20... Qxf2 $2 21. Ned4 Nc6 22. Nxc6+ bxc6 23. Nd4 Bg5+ 24. Kb1 $18) 21. Kb1 Qa6 (21... Qxf2 22. Ned4 Nc6 23. c3 $17) 22. Nec3 Qxa4 23. Nxa4 Bxb4 24. Nb6 {[%emt 0:05:47] [#]} Rf8 25. Na4 Ba5 26. Kc1 Ng4 27. Rd7 Kc8 $4 ({Resist} 27... Nxf2 28. Nc5 Rd8 29. Rxb7+ Ka8 30. Ra7+ (30. Rxf7 e3 $11) 30... Kb8 31. Nd7+ (31. Rxa5 Rd1+ 32. Kb2 e3 $16) 31... Rxd7 32. Rxd7 $18) (27... b6 $19 {and life is good for Black. ...Ne5 is the strong threat.} 28. Nd6 Nxf2 29. Rb7+ Ka8 30. Nxb6+ Bxb6 31. Rxb6 Rd8) 28. Nc5 $18 {[%emt 0:00:51] Na7+ would kill now.} Bb6 {[%emt 0:01:02] Prevents Na7+.} (28... Nxf2 {leads to mate.} 29. Na7+ Kb8 30. Rxb7+ Ka8 31. Nc6) (28... Ne5 29. Nd6+ (29. Rxb7 Kd8 $16) 29... Kb8) 29. Nd6+ {[%emt 0:00:11] Pair of Knights!} Kb8 30. Rxb7+ Ka8 31. Rxb6 {[%emt 0:00:39] Intending Nd7 and mate.} Nxf2 32. Nd7 Rd8 33. Ra6# {[%emt 0:00:10] Weighted Error Value: White=0.30/Black=0.75} 1-0